 Dungeon Crawl Stone Soup version 0.29.1-15-g9cfb28693d (webtiles) character file.

Game seed: 1360469167451462045

140 Leximancer the Ruffian (level 5, -4/52 HPs)
             Began as a Troll Berserker on Mar 15, 2023.
             Was a Believer of Trog.
             Slain by an ogre
             ... wielding a +0 giant club
              (15 damage)
             ... on level 3 of the Dungeon.
             The game lasted 00:23:24 (2693 turns).

Leximancer the Ruffian (Troll Berserker)            Turns: 2693, Time: 00:23:24

Health: -4/52      AC:  4    Str: 27    XL:     5   Next: 2%
Magic:  4/4        EV: 10    Int:  3    God:    Trog [**....]
Gold:   207        SH:  0    Dex:  9    Spells: 4/4 levels left

rFire   . . .      SeeInvis .     - Unarmed
rCold   . . .      Faith    .   s - orb {light}
rNeg    . . .      Spirit   .   a - +0 animal skin
rPois   .          Reflect  .   (helmet restricted)
rElec   .          Harm     .   (no cloak)
rCorr   +          Rampage  .   (gloves unavailable)
Will    .....                   (boots unavailable)
Stlth   +.........              (no amulet)
HPRegen 0.97/turn               q - ring of resist corrosion
MPRegen 0.09/turn               (no ring)

@: flying, glowing
A: large, unfitting armour, claws 3, regeneration 1, shaggy fur 1, tough skin 1
a: Renounce Religion, Berserk, Trog's Hand


You were on level 3 of the Dungeon.
You worshipped Trog.
Trog was pleased with you.
You visited 1 branch of the dungeon, and saw 3 of its levels.

You collected 207 gold pieces.

Inventory:

Hand Weapons
 c - a +0 dagger
 u - a +0 whip
Missiles
 b - 19 stones (quivered)
 f - 4 poisoned darts
 g - 5 large rocks
Armour
 a - a +0 animal skin (worn)
 r - an orb of mayhem
 s - an orb of light (worn)
Jewellery
 q - a ring of resist corrosion (left claw)
Scrolls
 e - a scroll of enchant weapon {unknown}
 h - 4 scrolls of identify {unknown}
 i - a scroll of magic mapping {unknown}
 l - 3 scrolls of immolation {unknown}
 m - a scroll of blinking {unknown}
 p - a scroll of teleportation {unknown}
 v - a scroll of enchant armour {unknown}
Potions
 d - 2 potions of resistance {unknown}
 j - a potion of curing {unknown}
 k - 5 potions of might {unknown}
 n - a potion of lignification {unknown}
 o - a potion of haste {unknown}


   Skills:
 + Level 2.9 Fighting
 + Level 0.3 Throwing
 + Level 3.2 Dodging
 + Level 0.3 Stealth
 + Level 4.5 Unarmed Combat


You had 4 spell levels left.
You didn't know any spells.
Your spell library was empty.

Dungeon Overview and Level Annotations

Branches:
Dungeon (3/15)

Altars:
Qazlal

Annotations:
D:3 1 transporter, AverageBear's ghost, weakling OpFi


Innate Abilities, Weirdness & Mutations

You are too large for most types of armour.
You have claws for hands.
Your natural rate of healing is unusually fast.
You are covered in fur. (AC +1)
You have tough skin. (AC +1)


Message History

a +0 sling; a +0 club; an adder corpse You open the door.
There is an open door here.
There is an open door here.
You see here a bat skeleton.
There is a stone staircase leading down here.
There is a stone staircase leading down here.
You open the door.
There is an open door here.
There is an open door here.
b - 20 stones (gained 5)
There is an open door here.
There is an open door here.
Partly explored, unvisited transporter.
Partly explored, unvisited transporter.
You scratch the bush.
The bush is lightly damaged.
There is an open door here.
There is an open door here.
AverageBear's ghost turns its malevolent gaze towards you.
The ogre shouts!
The ogre shouts! x2
There is a transporter landing site here.
There is a transporter here.
You enter the transporter and appear at another place.
Throw: 20 stones
Press: ? - help, Q - select action, (/) - cycle Shift-Dir - straight line, f - ogre
Aim: an ogre, wielding a +0 giant club (71% to hit)
You throw a stone.
The stone hits the ogre but does no damage.
The ogre hits you with a +0 giant club!
You see here a scroll labelled ARESETW HIODU.
v - a scroll labelled ARESETW HIODU The ogre hits you with a +0 giant club!!
Ouch! That really hurt!
* * * LOW HITPOINT WARNING * * *
It was a potion of flight.
You feel very buoyant.
You fly up into the air.
The ogre hits you with a +0 giant club!
You die... #.##.PPPPPPP.PPP.P.###.# #.##.......P...P.......# #....PPPPP.PPP.P.P.##### ####.P.........P.P.# #.PPP.PPPPPPPPP##

#.......########
############# #©....©O....#
#.#..#.#@.#.#
###..##.OO##..#
#.#..##..W##..# #
#.#.#..#.#..#.########### #
#.#.....$$....#.........###
#
#.################........#
# #......©.§.....#
#.####.#.# #
#..............# #.# #.#.#
# #........##...## #.#
##.#.#


You could see 3 ogres and AverageBear's ghost.

Vanquished Creatures
  An iguana (D:3)
  4 adders
  3 dart slugs
  5 ball pythons
  8 endoplasms
  3 giant cockroaches
  7 goblins
  5 hobgoblins
  10 jackals
  5 kobolds
  A quokka (D:1)
  5 bats
  4 frilled lizards
  4 rats
65 creatures vanquished.

Notes
Turn   | Place    | Note
-------+----------+-------------------------------------------
     0 | D:1      | Leximancer the Troll Berserker began the quest for the Orb.
     0 | D:1      | Reached XP level 1. HP: 22/22 MP: 0/0
   101 | D:1      | Reached XP level 2. HP: 28/29 MP: 1/1
   615 | D:2      | Reached XP level 3. HP: 36/36 MP: 2/2
   920 | D:2      | Reached ** piety under Trog
  1420 | D:2      | Reached XP level 4. HP: 44/44 MP: 3/3
  1608 | D:3      | Reached skill level 4 in Unarmed Combat
  1633 | D:3      | Found a faded altar of an unknown god.
  1686 | D:3      | Found a transporter.
  1686 | D:3      | Noticed AverageBear's ghost (weakling OpFi)
  1687 | D:3      | Noticed an ogre
  1688 | D:3      | Noticed an ogre
  1691 | D:3      | Noticed an ogre
  1790 | D:3      | Found a stormy altar of Qazlal.
  1938 | D:3      | Found a transporter.
  2124 | D:3      | Reached XP level 5. HP: 50/52 MP: 4/4
  2693 | D:3      | Slain by an ogre

Illustrated notes

Levels and vault maps discovered:
D:1:      dpeg_arrival_rooms_with_view, layout_basic
D:2:      layout_basic, minmay_tree_intersection
D:3:      layout_loops_corners, lemuel_coloured_pillars_altar,
          gammafunk_ghost_smash, ebering_ecumenical_altar_mist,
          minmay_hedge_maze

Skill      XL: |  1  2  3  4 |
---------------+-------------+-----
Dodging        | 3 |  3.2
Unarmed Combat | 4 |  4.5
Fighting       | |  2.9
Throwing       | |  0.3
Stealth        | |  0.3

Action                   |  1- 3 |  4- 6 || total
-------------------------+-------+-------++-------
Melee: Unarmed           |   106 |    49 ||   155
       Punch             |     1 |       ||     1
Throw: Stone             |    10 |     1 ||    11
Invok: Berserk           |     1 |       ||     1
  Use: Potion            |       |     1 ||     1
Armor: Animal skin       |    34 |    13 ||    47
Dodge: Dodged            |    61 |    18 ||    79
